 Dungeon Crawl Stone Soup version 0.29.1-1-gd02db6906a (webtiles) character file.

Game seed: 8001091686589314127

109 RatsInWalls the Caller (level 4, -2/37 HPs)
             Began as a Tengu Summoner on Oct 23, 2022.
             Slain by a gnoll
             ... wielding a +0 halberd
              (8 damage)
             ... on level 4 of the Dungeon.
             The game lasted 00:06:55 (2905 turns).

RatsInWalls the Caller (Tengu Summoner)             Turns: 2905, Time: 00:06:56

Health: -2/37      AC: 22    Str:  8    XL:     4   Next: 89%
Magic:  7/9        EV:  2    Int: 15    God:
Gold:   145        SH:  0    Dex: 17    Spells: 2/8 levels left

rFire   . . .      SeeInvis .   f - +2 dagger (venom)
rCold   . . .      Faith    .   (no shield)
rNeg    . . .      Spirit   .   (body armour currently unavailable)
rPois   +          Reflect  .   (helmet currently unavailable)
rElec   .          Harm     .   (cloak currently unavailable)
rCorr   .          Rampage  .   (gloves currently unavailable)
Will    .....      NoTele   +   (boots unavailable)
Stlth   +.........              (no amulet)
HPRegen 0.12/turn               (no ring)
MPRegen 0.11/turn               (no ring)

@: confused, tree-form, weak-willed, ambrosia-drunk, hasted, very quick
A: stationary, stasis, torment immunity, boosted hp, (beak), (talons 3)
a: no special abilities


You were on level 4 of the Dungeon.
You were a tree.
You visited 1 branch of the dungeon, and saw 4 of its levels.

You collected 145 gold pieces.

Inventory:

Hand Weapons
 f - a +2 dagger of venom (weapon)
Missiles
 g - 2 javelins
Armour
 a - a +0 robe (melded)
 i - a +1 pair of gloves (melded)
 j - a +0 buckler
Wands
 r - a wand of polymorph (4)
Scrolls
 e - a scroll of poison {unknown}
 h - a scroll of identify {unknown}
 k - a scroll of blinking {unknown}
 m - a scroll of enchant weapon {unknown}
Potions
 b - a potion of magic
 c - a potion of ambrosia
 d - a potion of haste
 n - a potion of flight {unknown}
 p - a potion of cancellation {unknown}
 q - a potion of heal wounds {unknown}
 s - a potion of might


   Skills:
 + Level 1.3 Fighting
 + Level 3.2 Dodging
 - Level 2.5 Stealth
 + Level 2.8 Spellcasting
 + Level 5.5 Summonings


You had 2 spell levels left.
You knew the following spells:

 Your Spells              Type           Power      Damage    Failure   Level
a - Summon Small Mammal   Summ           72%        N/A       1%          1
b - Call Imp              Summ           18%        N/A       3%          2
c - Call Canine Familiar  Summ           18%        N/A       6%          3

Your spell library contained the following spells:

 Spells                   Type           Power      Damage    Failure   Level
 Summon Guardian Golem    Hex/Summ       10%        N/A       21%         3
 Inner Flame              Hex/Fire       2%         N/A       52%         3
 Summon Lightning Spire   Summ/Air       10%        N/A       54%         4
 Cause Fear               Hex            1%         N/A       90%         4
 Discord                  Hex            1%         N/A       100%        8


Dungeon Overview and Level Annotations

Branches:
Dungeon (4/15)
 Temple: D:4-7

Altars:
Cheibriados


Innate Abilities, Weirdness & Mutations

You are a tree.
Your roots penetrate the ground, keeping you stationary.
You cannot be teleported.
You are immune to unholy pain and torment.
Your maximum health is greatly increased.
Your equipment is partially melded.
((You have a beak for a mouth.))
((You have claws for feet.))


Message History

A throwing net appears from out of your range of vision.
The throwing net barely misses your crimson imp.
The throwing net hits your quokka.
Your quokka is caught in the net!
The gnoll hits your quokka with a +0 halberd.
The gnoll hits your crimson imp with a +0 club!
Your crimson imp hits the gnoll.
Okay, then.
Casting: Call Imp (safe; 3% risk of failure)
Confirm with . or Enter, or press ? or * to list all spells.
* * * LOW HITPOINT WARNING * * *
You feel sick.
Your quokka disappears in a puff of smoke!
Your crimson imp hits the gnoll.
The gnoll misses your bat.
Your bat closely misses the gnoll.
A gnoll comes into view. It is wielding a +0 halberd.
As you read the scroll labelled ROLOEZAPTO, it crumbles to dust.
You feel a surge of unholy energy.
The gnoll convulses! x3
It was a scroll of torment.
* * * LOW HITPOINT WARNING * * *
You feel sick.
Your bat barely misses the gnoll. x2
Something barely misses your bat.
Your crimson imp closely misses the gnoll.
It was a potion of haste.
You feel yourself speed up.
* * * LOW HITPOINT WARNING * * *
You feel sick.
Your bat hits the gnoll but does no damage.
Your bat barely misses the gnoll.
The gnoll hits you but does no damage.
Unknown command.
It was a potion of ambrosia.
You are confused.
You feel invigorated.
You feel sick.
Your bat hits the gnoll but does no damage.
Your bat barely misses the gnoll.
You feel sick.
You are no longer poisoned.
Your bat hits the gnoll but does no damage.
The gnoll misses your bat.
The gnoll hits you from afar with a +0 halberd!
You die...

#.......## ..
##........##.!
.#.............
............#..
...............
...........
#.....# #.♣..#
##bb.# ##gg#
#.g5# .......
.5..b.g.##
...........
#.....##....
...... ...##


You could see 4 gnolls, a friendly crimson imp (summoned, weak-willed) and 2
friendly bats.

Vanquished Creatures
  An iguana (D:4)
  An adder (D:2)
  2 dart slugs
  2 bats (D:1)
  3 goblins
  3 hobgoblins
  A jackal (D:1)
  A kobold (D:1)
  2 frilled lizards
  3 rats
19 creatures vanquished.

Vanquished Creatures (collateral kills)
  2 adders
  A worm (D:3)
  An orc (D:3)
  An endoplasm (D:3)
  8 goblins
  4 hobgoblins
  A jackal (D:1)
  A quokka (D:3)
  5 ball pythons
  A bat (D:1)
  A frilled lizard (D:3)
  2 rats
28 creatures vanquished.

Grand Total: 47 creatures vanquished

Notes
Turn   | Place    | Note
-------+----------+-------------------------------------------
     0 | D:1      | RatsInWalls the Tengu Summoner began the quest for the Orb.
     0 | D:1      | Reached XP level 1. HP: 10/10 MP: 4/4
   202 | D:1      | Reached XP level 2. HP: 15/15 MP: 1/6
   297 | D:1      | Reached skill level 5 in Summonings
   866 | D:2      | Reached XP level 3. HP: 9/19 MP: 5/7
  1654 | D:2      | Found a snail-covered altar of Cheibriados.
  2182 | D:3      | Reached XP level 4. HP: 24/24 MP: 5/8
  2281 | D:3      | Learned a level 2 spell: Call Imp
  2285 | D:3      | Learned a level 3 spell: Call Canine Familiar
  2754 | D:3      | Reached skill level 1 in Fighting
  2905 | D:4      | Slain by a gnoll

Illustrated notes

Levels and vault maps discovered:
D:1:      dpeg_arrival_tiny_i, layout_basic
D:2:      layout_basic, basic_altar, minmay_goblin_outpost
D:3:      layout_rooms, amethyst_killhole, hangedman_decor_growths
D:4:      layout_cave_pools, led_sif_pool, okawaru_gym_becter,
          minmay_temple_entry_drinking_statues, grunt_decor_cap

Skill      XL: |  1  2  3  4 |
---------------+-------------+-----
Summonings     | 5 |  5.5
Dodging        | 3 |  3.2
Fighting       | 1 |  1.3
Stealth        | |  2.5
Spellcasting   | |  2.8

Action                   |  1- 3 |  4- 6 || total
-------------------------+-------+-------++-------
Melee: Unarmed           |     5 |       ||     5
       Kick              |    10 |     2 ||    12
       Dagger            |    30 |    11 ||    41
       Peck              |     6 |       ||     6
       Punch             |       |     1 ||     1
 Cast: Summon Small Mamm |    46 |    17 ||    63
       Call Imp          |       |     6 ||     6
  Use: Potion            |     1 |     3 ||     4
       Scroll            |       |     2 ||     2
 Stab: Sleeping          |     1 |       ||     1
Armor: Robe              |     9 |     1 ||    10
       Skin              |       |     2 ||     2
Dodge: Dodged            |    21 |     8 ||    29
